 Dungeon Crawl Stone Soup version 0.31-a0-1537-g69dc257577 (webtiles) character file.

Game seed: 12349561713467254115

2181446 PlayingRandomsOnly the Crack Shot (level 25, 98/171 HPs)
             Began as a Kobold Artificer on Dec 31, 2023.
             Was an Elder of Jiyva.
             Escaped with the Orb
             ... and 3 runes
             ... and 3 gems on Jan 1, 2024!
             The game lasted 06:41:25 (49129 turns).

PlayingRandomsOnly the Crack Shot (KoAr)           Turns: 49129, Time: 06:41:25

Health: 98/171     AC: 26    Str: 23    XL:     25   Next: 67%
Magic:  40/54      EV: 35    Int: 13    God:    Jiyva [****..]
Gold:   911        SH:  8    Dex: 26    Spells: 31/52 levels left

rFire   + . .        b - +8 spear "Loopy" {flame, rPois rN+ Int-3 Dex+4}
rCold   + + +        (no shield)
rNeg    + + +        j - +5 moon troll leather armour {Spirit, Regen++ MP+5}
rPois   +            e - +0 helmet of Inaction {rC++}
rElec   +            A - +0 cloak {rPois}
rCorr   +            S - +2 pair of gloves {infuse}
SInv    .            t - +5 pair of boots "Niomoagg" {Str+3}
Will    ++++.        Q - amulet of Ykacydei {^Fragile +Blink rF+ Will+++ Regen+}
Stlth   ++           M - ring of Quolo {Fly rElec rF- rN++ Str+2}
HPRegen 4.16/turn    G - ring "Enossumn" {rC+ Str+3}
MPRegen 0.98/turn

%: guardian spirit, infuse magic (1 MP)
@: mildly poisoned (98 -> 98), slimy (expiring), flying, hasted, very quick
A: small, no large weapons, nightstalker 3, iridescent scales 2, large bone
plates 3, clever 1, fire resistance 1, high MP 2, mutation resistance 2, passive
freeze, strong 1, wild magic 2, jelly sensing items
0: Orb of Zot
}: 3/15 runes: decaying, serpentine, slimy
a: Renounce Religion, Evoke Blink, Oozemancy, Slimify


You escaped.
You worshipped Jiyva.
Jiyva was greatly pleased with you.
You visited 10 branches of the dungeon, and saw 47 of its levels.
You visited 1 bazaar.
You also visited: Bailey, Gauntlet and Wizlab.

You collected 3822 gold pieces.
You spent 2911 gold pieces at shops.

Inventory:

Hand Weapons
 a - the +12 orcbow of Fosi {freeze, rF- Dex+5 SInv}
   (You bought it in a shop on level 2 of the Orcish Mines)

   Dex+5:     It affects your dexterity (+5).
   rF-:       It makes you vulnerable to fire.
   SInv:      It lets you see invisible.
 b - the +8 spear "Loopy" (weapon) {flame, rPois rN+ Int-3 Dex+4}
   (You found it on level 7 of the Dungeon)

   Int-3:     It affects your intelligence (-3).
   Dex+4:     It affects your dexterity (+4).
   rPois:     It protects you from poison rN+: It protects you from negative
   energy.
 E - a +4 antimagic arbalest
Missiles
 i - 3 curare-tipped darts
 W - 9 atropa-tipped darts (quivered)
Armour
 e - the +0 helmet of Inaction (worn) {rC++}
   (You bought it in a shop on level 2 of the Orcish Mines)

   rC++:      It greatly protects you from cold.
 j - the +5 moon troll leather armour (worn) {Spirit, Regen++ MP+5}
   (You took it off a moon troll in a wizard's laboratory)

   MP+5:      It affects your magic capacity (+5).
   Regen++:   It increases your rate of health regeneration.
 r - a +2 cloak
 t - the +5 pair of boots "Niomoagg" (worn) {Str+3}
   (You found it in a wizard's laboratory)

   Str+3:     It affects your strength (+3).
 A - a +0 cloak of poison resistance (worn)
 S - a +2 pair of gloves of infusion (worn)
Jewellery
 m - a +6 ring of dexterity
 y - the ring of the Green God {rPois rC+ Will+ Int-2}
   (You found it in a Gauntlet)

   [ring of protection from cold]

   Int-2:     It affects your intelligence (-2).
   rC+:       It protects you from cold.
   rPois:     It protects you from poison Will+: It increases your willpower.
 G - the ring "Enossumn" (right hand) {rC+ Str+3}
   (You found it on level 8 of the Dungeon)

   [ring of protection from cold]

   Str+3:     It affects your strength (+3).
   rC+:       It protects you from cold.
 L - the ring "Suipi" {EV+5 Str+2}
   (You took it off a centaur warrior on level 8 of the Dungeon)

   [ring of evasion]

   EV+5:      It affects your evasion (+5).
   Str+2:     It affects your strength (+2).
 M - the ring of Quolo (left hand) {Fly rElec rF- rN++ Str+2}
   (You found it on level 8 of the Dungeon)

   [ring of flight]

   Str+2:     It affects your strength (+2).
   rF-:       It makes you vulnerable to fire.
   rElec:     It insulates you from electricity.
   rN++:      It greatly protects you from negative energy.
   Fly:       It grants you flight.
 Q - the amulet of Ykacydei (around neck) {^Fragile +Blink rF+ Will+++ Regen+}
   (You acquired it on level 3 of the Lair of Beasts)

   [amulet of regeneration]

   rF+:       It protects you from fire.
   Will+++:   It greatly increases your willpower.
   +Blink:    It lets you blink.
   Regen+:    It increases your rate of health regeneration.
   ^Fragile:  It will be destroyed if unequipped.
 R - a ring of protection from fire
Wands
 c - a wand of flame (27)
 d - a wand of charming (9)
 v - a wand of mindburst (22)
 F - a wand of polymorph (9)
 H - a wand of digging (3)
 Z - a wand of roots (25)
Scrolls
 f - 4 scrolls of poison
 g - 5 scrolls of torment
 q - 2 scrolls of brand weapon
 C - 16 scrolls of teleportation
 D - 4 scrolls of vulnerability
 I - 2 scrolls of immolation
 N - 2 scrolls of fog
 U - 3 scrolls of noise
 V - 3 scrolls of revelation
 Y - a scroll of fear
Potions
 h - a potion of attraction {unknown}
 k - a potion of haste
 l - a potion of resistance
 o - 3 potions of cancellation
 s - 5 potions of magic
 u - 2 potions of invisibility
 w - 3 potions of brilliance
 x - 2 potions of berserk rage
 z - 2 potions of lignification
 K - a potion of ambrosia
 P - 5 potions of enlightenment
 T - 11 potions of curing
 X - 2 potions of might
Miscellaneous
 n - a condenser vane
 B - a lightning rod (4/4)
 J - a phial of floods
 O - a sack of spiders


   Skills:
 - Level 21.2 Fighting
 - Level 21.6 Ranged Weapons
 - Level 5.0 Throwing
 - Level 12.0 Armour
 - Level 19.9 Dodging
 + Level 11.0 Stealth
 - Level 14.3 Spellcasting
 - Level 5.0 Conjurations
 - Level 11.0 Hexes
 - Level 6.0 Necromancy
 - Level 11.0 Translocations
 - Level 8.0 Earth Magic
 - Level 8.0 Alchemy
 - Level 15.0 Evocations


You had 31 spell levels left.
You knew the following spells:

 Your Spells              Type           Power      Damage    Failure   Level
a - Sigil of Binding      Hex            57%        N/A       1%          3
b - Dimensional Bullseye  Hex/Tloc       28%        N/A       3%          4
c - Fugue of the Fallen   Necr           39%        N/A       6%          3
d - Leda's Liquefaction   Alch/Erth      24%        N/A       9%          4
e - Gell's Gravitas       Tloc           57%        N/A       1%          3
f - Iskenderun's Mystic   Conj/Tloc      48%        2d11      9%          4

Your spell library contained the following spells:

 Spells                   Type           Power      Damage    Failure   Level
 Blink                    Tloc           100%       N/A       1%          2
 Lesser Beckoning         Tloc           100%       N/A       1%          2
 Teleport Other           Tloc           57%        N/A       1%          3
 Tukima's Dance           Hex            57%        N/A       1%          3
 Sting                    Conj/Alch      100%       1d9       2%          1
 Momentum Strike          Conj/Tloc      96%        3d10      2%          2
 Dazzling Flash           Conj/Hex       96%        N/A       3%          3
 Cause Fear               Hex            28%        N/A       3%          4
 Manifold Assault         Tloc           57%        N/A       3%          4
 Magic Dart               Conj           100%       1d8       4%          1
 Ensorcelled Hibernation  Hex/Ice        74%        N/A       4%          2
 Searing Ray              Conj           70%        2d7       5%          2
 Mercury Vapours          Alch/Air       62%        N/A       7%          2
 Anguish                  Hex/Necr       25%        N/A       8%          4
 Olgreb's Toxic Radiance  Alch           48%        N/A       9%          4
 Petrify                  Alch/Erth      48%        N/A       9%          4
 Mephitic Cloud           Conj/Alch/Air  32%        N/A       11%         3
 Brom's Barrelling Bould  Conj/Erth      41%        2d6       13%         4
 Fulminant Prism          Conj/Alch      20%        3d12      13%         4
 Freeze                   Ice            56%        1d7       19%         1
 Summon Small Mammal      Summ           56%        N/A       19%         1
 Hailstorm                Conj/Ice       25%        3d7       19%         3
 Lee's Rapid Deconstruct  Erth           24%        3d13*     19%         5
 Scorch                   Fire           28%        2d6       24%         2
 Dispersal                Tloc           28%        N/A       28%         6
 Animate Armour           Summ/Erth      62%        N/A       30%         4
 Curse of Agony           Necr           39%        N/A       34%         5
 Call Canine Familiar     Summ           14%        N/A       41%         3
 Frozen Ramparts          Ice            28%        1d5       41%         3
 Ozocubu's Armour         Ice            14%        N/A       41%         3
 Summon Ice Beast         Ice/Summ       14%        N/A       41%         3
 Metabolic Englaciation   Hex/Ice        18%        N/A       41%         5
 Silence                  Hex/Air        18%        N/A       41%         5
 Flame Wave               Conj/Fire      25%        2d8       45%         4
 Iskenderun's Battlesphe  Conj           35%        2d9       45%         5
 Enfeeble                 Hex            28%        N/A       75%         7
 Summon Blazeheart Golem  Fire/Summ      14%        N/A       78%         4
 Summon Lightning Spire   Summ/Air       14%        N/A       78%         4
 Fireball                 Conj/Fire      12%        3d7       78%         5
 Sculpt Simulacrum        Ice/Alch       15%        N/A       98%         6
 Conjure Ball Lightning   Conj/Air       12%        3x3d6     99%         6
 Summon Cactus Giant      Summ           7%         N/A       100%        6
 Orb of Destruction       Conj           17%        9d7       100%        7
 Ozocubu's Refrigeration  Ice            7%         4d9       100%        7


Dungeon Overview and Level Annotations

Branches:
Dungeon (15/15)            Temple (1/1) D:5            Lair (5/5) D:11
  Swamp (4/4) Lair:3        Snake (4/4) Lair:3        Slime (5/5) Lair:5
    Orc (2/2) D:12            Elf (0/3) Orc:2        Vaults (2/5) D:13
  Crypt (0/3) Vaults:2     Depths (4/4) D:15            Zot (5/5) Depths:4
 Bailey (visited)          WizLab (visited)         Gauntlet (visited)

Altars:
Ashenzari
Cheibriados
Dithmenos
Elyvilon
Fedhas
Gozag
Hepliaklqana
Kikubaaqudgha
Makhleb
Nemelex Xobeh
Okawaru
Qazlal
Ru
Sif Muna
Trog
Uskayaw
Vehumet
Wu Jian
Xom
Yredelemnul
Zin
The Shining One
Jiyva

Shops:
D:7 (!*[   D:8 (   D:11 ?   D:15 !   Orc:2 *[![[[(*!*   Snake:1 (   Snake:4 =(:
Vaults:1 (   Depths:4 !

Portals:
Hell: Depths:1 Depths:2 Depths:3 Depths:4
Abyss: Depths:3 Depths:4
Pandemonium: Depths:2 Depths:4
Ziggurat: Depths:3
Trove: D:15 (give +6 demon blade)

Annotations:
D:9 2 exclusions
D:10 1 exclusion
Slime:5 Royal Jelly
Zot:1 1 transporter
Zot:3 3 runed translucent doors, Calu's ghost, legendary KoHu
Zot:4 2 transporters, Anuegiwi's ghost, veteran AtFi; Uqizxu's ghost, master OnFi


Innate Abilities, Weirdness & Mutations

You are small and have problems with some larger weapons.
You are completely attuned to the shadows.
You are mostly covered in iridescent scales. (AC +4)
You are completely covered in large bone plates. (SH +8)
Your mind is acute. (Int +4, Str/Dex -1)
Your flesh is heat resistant. (rF+)
You have a considerably increased reservoir of magic. (+20% MP)
You are somewhat resistant to both further mutation and mutation removal.
A frigid envelope surrounds you and freezes all who hurt you.
Your muscles are strong. (Str +4, Int/Dex -1)
Your spells are harder to cast, but more powerful.
You have a small jelly attached to you that senses nearby items.


Message History

Here: Hyowoc (lightly wounded)
The floor, spattered with blood.
You feel sick. Hyowoc gestures at you. The poison arrow misses you.
You feel sick.
You feel sick.
You feel sick.
You feel sick.
You feel sick. Hyowoc gestures at you.
The poison arrow hits you but does no damage.
You are more poisoned.
You feel very sick.
Aiming: Dig
Press: ? - help, Shift-Dir - straight line, p - Hyowoc You can't see that place. [a rock wall.]
The rock shatters into small pieces.
You feel very sick.
You feel very sick.
You feel sick.
You feel very sick. Hyowoc gestures at you. The poison arrow misses you.
Your slime is starting to congeal.
You feel sick.
You feel sick.
You feel sick.
You feel sick.
You feel sick.
You feel sick.
There is an open door here.
You feel sick.
An Ice Fiend comes into view.
There is a staircase leading out of the dungeon here.
You feel sick. Hyowoc gestures at you. The poison arrow misses you.
You have escaped!

'..###.########.#
#......ยงยง ##.###.# #.#
#######.4 ##.....# #.##
### ##.....### #..# #
##.......## ##.# ###
####### ##....###.### #1#
###.# #...... ##....#
##..####'####..## #......
##....# ###..'...'..###
#...... ##....#
####.@.#### #......
#....# ###..'...'.&###
##...... #....#
##..####'####..###.......
#....###.### #.#
###...#...... #######.##
### ##########. ### #. #.
#. #.


You could see Hyowoc and an Ice Fiend.

Vanquished Creatures
  An ancient lich (Zot:5)
  2 dread liches (Zot:5)
  Mara (Depths:1)
  12 orbs of fire
  2 Killer Klowns (Zot:5)
  Vashnia (Snake:2)
  A curse toe (Zot:4)
  4 golden dragons
  Nikola (Vaults:2)
  A bone dragon (Depths:4)
  An iron giant (Depths:4)
  5 electric golems
  6 tentacled monstrosities
  27 Orb Guardians
  A lich (Depths:4)
  A walking divine tome (Depths:3)
  9 quicksilver dragons
  Asterion (Snake:3)
  8 tentacled starspawn (WizLab)
  A thorn hunter (Swamp:2)
  7 death cobs
  14 storm dragons
  A tengu reaver (Vaults:1)
  Donald (Snake:1)
  4 shadow dragons
  9 draconian monks
  A fire giant (Depths:3)
  5 nagarajas (Snake:4)
  Roxanne (Swamp:2)
  8 draconian shifters
  6 draconian knights
  4 frost giants
  8 draconian stormcallers
  6 draconian scorchers
  A balrug (Depths:2)
  A ghoul (Vaults:2)
  A cacodemon (WizLab)
  6 vault wardens
  9 very ugly things
  A caustic shrike skeleton (Depths:3)
  9 ironbound preservers
  3 draconian annihilators
  12 stone giants
  An orc warlord (Vaults:2)
  The ghost of Macafuodgh the Eclecticist, an adept DECj of Sif Muna (Depths:4)
  4 eleionomae
  3 ironbound thunderhulks
  3 vampire knights
  A deep elf death mage (Vaults:1)
  2 war gargoyles
  A dire elephant (Vaults:1)
  8 green draconians
  8 purple draconians
  12 red draconians
  15 black draconians
  3 bunyips
  11 spark wasps
  12 white draconians
  2 blizzard demons
  19 yellow draconians
  A jiangshi (Vaults:2)
  12 fire dragons
  An ettin (Depths:1)
  An entropy weaver (Vaults:1)
  4 vault guards
  The ghost of MatrixGlitch the Destroyer, a journeyman DrCj of Jiyva (Orc:2)
  3 rakshasas
  4 ice dragons
  16 hydras
  8 alligators
  5 yaktaur captains
  A salamander tyrant (Snake:4)
  7 spriggan air magi
  4 boulder beetles
  3 catoblepae
  2 ogre magi (D:15)
  2 ironbound frosthearts
  12 two-headed ogres
  4 anacondas
  9 centaur warriors
  2 ghost crabs (Swamp:1)
  7 naga warriors
  9 tengu warriors
  7 deep troll shamans
  6 death yaks (Lair:4)
  2 deep troll earth magi (Depths:4)
  2 vampire magi
  3 hell hogs (Depths:2)
  4 orc high priests (Orc:2)
  4 spriggan berserkers (Depths:3)
  2 shock serpents (Snake:4)
  16 naga sharpshooters
  2 hell knights (Depths:2)
  4 occultists
  2 soul eaters (Depths:2)
  2 wretched stars (WizLab)
  Urug (Lair:3)
  5 skysharks
  13 spriggans
  A skeletal warrior (D:8)
  3 sun demons
  7 iron trolls
  6 salamander mystics
  Lodul (D:14)
  A sixfirhy (Depths:2)
  2 goliath frogs (Swamp:4)
  2 flayed ghosts (Depths:4)
  A cherub (Zot:3)
  5 naga ritualists
  3 spriggan druids
  14 swamp dragons
  49 deep trolls
  2 shadow demons
  2 arcanists
  A deep elf pyromancer (D:8)
  4 ironbound convokers (Vaults:2)
  5 orc knights
  7 mana vipers
  6 lindwurms
  Pikel (D:4)
  2 lightning spires (Depths:1)
  9 starcursed masses (WizLab)
  14 salamanders
  Maurice (D:9)
  27 moths of wrath
  4 cyclopes
  A manticore (D:14)
  6 orc sorcerers
  23 ugly things
  3 will-o-the-wisps
  9 elephants
  38 black mambas
  3 kobold blastminers (Orc:2)
  8 vault sentinels
  16 naga magi
  A gargoyle (D:13)
  2 molten gargoyles (Lair:5)
  5 large abominations (Depths:2)
  22 cane toads
  5 smoke demons (Depths:2)
  2 unseen horrors
  4 rime drakes
  A torpor snail (Lair:1)
  Maggie (D:9)
  A hellion (D:1)
  11 komodo dragons
  20 yaktaurs
  3 tengu conjurers
  2 efreet
  5 trolls
  9 tyrant leeches
  2 bloated husks (Swamp:4)
  13 hornets
  10 blink frogs
  4 dream sheep (Lair:4)
  Sigmund (D:2)
  9 air elementals (Depths:1)
  2 shadows
  51 yaks
  5 wyverns
  11 basilisks
  2 wraiths
  A vampire (D:7)
  4 fire elementals
  A neqoxec (WizLab)
  2 steam dragons (Lair:5)
  3 wargs
  A redback (Vaults:1)
  11 vampire mosquitoes
  24 nagas
  6 small abominations (Gauntlet)
  12 swamp worms
  2 acid dragons
  19 water moccasins
  6 hell hounds
  34 orc warriors
  9 swamp drakes (Swamp:4)
  A black bear (Lair:3)
  20 ogres
  7 boggarts
  20 wolves
  7 centaurs
  A lemure (D:4)
  16 bullfrogs
  A gnoll sergeant (D:11)
  4 scorpions
  7 wights (D:8)
  2 killer bees (D:7)
  12 jellies
  3 howler monkeys
  5 lava snakes (Lair:5)
  4 hounds
  9 orc priests
  4 iguanas
  20 orc wizards
  9 hell rats
  8 gnolls
  5 adders
  4 river rats (Lair:3)
  4 shadow imps (D:7)
  4 white imps (D:7)
  4 ufetubi
  5 dart slugs
  2 ribbon worms (D:2)
  70 orcs
  2 endoplasms (D:1)
  5 giant cockroaches
  5 goblins
  3 hobgoblins
  4 jackals
  5 quokkas
  6 ball pythons
  4 bats
  2 frilled lizards
  6 kobolds
  12 rats
  8 starspawn tentacles (WizLab)
1449 creatures vanquished.

Vanquished Creatures (collateral kills)
  A curse toe (Zot:2)
  A golden dragon (Zot:5)
  An Orb Guardian (Zot:5)
  A moon troll (WizLab)
  A death cob (Depths:4)
  A fire giant (Depths:4)
  A fenstrider witch (Swamp:4)
  A draconian stormcaller (Zot:5)
  An orc warlord (Orc:2)
  A red draconian (Zot:5)
  2 yellow draconians (Zot:5)
  An occultist (D:11)
  A salamander mystic (Snake:4)
  A swamp dragon (Swamp:4)
  4 lindwurms (D:12)
  A moth of wrath (Depths:4)
  A naga mage (Snake:4)
  A komodo dragon (Lair:3)
  A wyvern (Lair:3)
  A basilisk (Lair:5)
  2 yaks
  A warg (Orc:2)
  A naga (Lair:3)
  2 water moccasins
  2 orc warriors (Orc:2)
  2 swamp drakes (Swamp:4)
  A black bear (D:7)
  An iguana (Lair:3)
  2 gnolls (Bailey)
38 creatures vanquished.

Vanquished Creatures (others)
  A sphinx (Vaults:2)
  2 acid blobs
  3 draconian knights
  An azure jelly (Depths:3)
  A quicksilver ooze (Depths:3)
  A spriggan defender (Depths:3)
  A caustic shrike skeleton (Depths:3)
  A red draconian (Zot:2)
  An entropy weaver (Vaults:2)
  A hydra (D:8)
  6 great orbs of eyes
  A spriggan air mage (Depths:3)
  A naga warrior (Snake:4)
  A two-headed ogre (D:12)
  A spriggan berserker (Depths:3)
  A goliath frog (Swamp:1)
  3 glowing orange brains (WizLab)
  An arcanist (Vaults:1)
  An orange crystal statue (WizLab)
  A sea snake (shapeshifter) (Depths:2)
  A lindwurm (Vaults:1)
  A necromancer (Depths:3)
  An ironbound convoker (Vaults:2)
  2 lightning spires (Depths:1)
  A fire giant zombie (Depths:3)
  An elephant (shapeshifter) (Depths:2)
  5 eyes of devastation (WizLab)
  2 hornets
  A troll (D:10)
  A bloated husk (Swamp:2)
  A snapping turtle (shapeshifter) (Depths:2)
  A dream sheep (Lair:4)
  A glass eye (Depths:2)
  3 slime creatures
  A human (Depths:2)
  5 golden eyes (WizLab)
  A vampire mosquito (D:14)
  A warg (Orc:2)
  A naga (Lair:3)
  An orc warrior (Orc:2)
  A glowing shapeshifter skeleton (Depths:3)
  A sky beast (D:8)
  An ogre (D:5)
  A boggart (Vaults:1)
  A bullfrog (Lair:2)
  A scorpion (D:5)
  A wight (D:8)
  2 killer bees
  252 jellies
  An orc priest (D:6)
  A gnoll bouda (D:8)
  2 sleepcaps (D:7)
  A starcursed mass (WizLab)
  2 iguanas (D:5)
  Natasha (D:2)
  2 orc wizards
  A gnoll (Bailey)
  An adder (D:6)
  2 shadow imps (D:7)
  A white imp (D:8)
  A dart slug (D:3)
  2 endoplasms
  8 orcs
  4 ball pythons
  A goblin (D:3)
  16 foxfires
  11 starspawn tentacles (WizLab)
381 creatures vanquished.

Grand Total: 1868 creatures vanquished

Notes
Turn   | Place    | Note
-------+----------+-------------------------------------------
     0 | D:1      | PlayingRandomsOnly the Kobold Artificer began the quest for
                  | the Orb.
     0 | D:1      | Reached XP level 1. HP: 12/12 MP: 1/1
   115 | D:1      | Reached XP level 2. HP: 16/16 MP: 2/2
   908 | D:2      | Reached XP level 3. HP: 19/22 MP: 3/3
  1170 | D:2      | Reached skill level 1 in Ranged Weapons
  1378 | D:2      | Reached XP level 4. HP: 28/28 MP: 4/4
  1435 | D:2      | Found a faded altar of an unknown god.
  1512 | D:2      | Prayed at the altar of an unknown god.
  1512 | D:2      | Became a worshipper of Jiyva Jeoch the Shapeless
  1512 | D:2      | Reached * piety under Jiyva
  1610 | D:2      | Killed Natasha
  1679 | D:2      | Noticed Sigmund
  1683 | D:2      | Killed Sigmund
  1684 | D:2      | Reached skill level 5 in Ranged Weapons
  1684 | D:2      | Reached XP level 5. HP: 32/32 MP: 5/5
  1684 | D:2      | Reached XP level 6. HP: 37/37 MP: 6/6
  1843 | D:3      | Reached ** piety under Jiyva
  2614 | D:4      | Reached *** piety under Jiyva
  2614 | D:4      | Gained mutation: You are strong-willed. (Will+) [Jiyva's
                  | grace]
  2614 | D:4      | Gained mutation: You are highly strong-willed. (Will++)
                  | [Jiyva's grace]
  2614 | D:4      | Gained mutation: You are extremely strong-willed. (Will+++)
                  | [Jiyva's grace]
  2614 | D:4      | Gained mutation: You are covered in slimy tendrils that may
                  | disarm your opponents. [Jiyva's grace]
  2617 | D:4      | Noticed Pikel
  2633 | D:4      | Killed Pikel
  2634 | D:4      | Reached skill level 5 in Dodging
  2634 | D:4      | Reached XP level 7. HP: 41/41 MP: 4/7
  2634 | D:4      | Reached XP level 8. HP: 46/46 MP: 4/8
  2765 | D:5      | Entered Level 5 of the Dungeon
  3052 | D:5      | Found a staircase to the Ecumenical Temple.
  3060 | Temple   | Entered the Ecumenical Temple
  3143 | D:5      | Learned a level 3 spell: Sigil of Binding
  3148 | D:5      | Learned a level 4 spell: Dimensional Bullseye
  3457 | D:5      | Reached **** piety under Jiyva
  3822 | D:5      | Found a staircase to the Ecumenical Temple.
  4853 | D:5      | Found a staircase to the Ecumenical Temple.
  5515 | D:5      | Found a staircase to the Ecumenical Temple.
  6003 | D:6      | Reached skill level 5 in Stealth
  6045 | D:6      | Lost mutation: You are extremely strong-willed. (Will+++)
                  | [Jiyva's grace]
  6045 | D:6      | Gained mutation: Your spells are a little harder to cast,
                  | but a little more powerful. [Jiyva's grace]
  6045 | D:6      | Gained mutation: Your spells are harder to cast, but more
                  | powerful. [Jiyva's grace]
  6045 | D:6      | Gained mutation: Your spells are much harder to cast, but
                  | much more powerful. [Jiyva's grace]
  6045 | D:6      | Gained mutation: Your mind is acute. (Int +4, Str/Dex -1)
                  | [Jiyva's grace]
  6058 | D:6      | Reached skill level 5 in Fighting
  6162 | D:6      | Reached skill level 1 in Hexes
  6162 | D:6      | Reached skill level 1 in Translocations
  6424 | D:7      | Found Dewoi's Assorted Antiques.
  6487 | D:7      | Noticed Maggie
  6502 | D:7      | Reached XP level 9. HP: 54/54 MP: 9/9
  6518 | D:7      | Found Ceodghief's Antique Armour Emporium.
  6658 | D:7      | Found a flagged portal.
  6662 | D:7      | Identified the +8 spear "Loopy" {flame, rPois rN+ Int-3
                  | Dex+4}
  6672 | Bailey   | Entered a bailey
  6814 | Bailey   | Noticed an orc knight
  6879 | Bailey   | Killed an orc knight
  6880 | Bailey   | Reached skill level 10 in Ranged Weapons
  7212 | D:7      | Found Gutallaf's Weapon Boutique.
  7429 | D:7      | Found Houfofeb's Distillery.
  7434 | D:7      | Bought a potion of heal wounds for 60 gold pieces
  7434 | D:7      | Bought a potion of haste for 120 gold pieces
  7434 | D:7      | Bought a potion of berserk rage for 60 gold pieces
  7518 | D:7      | Reached XP level 10. HP: 54/59 MP: 10/10
  7549 | D:7      | Upgraded the game from 0.31-a0-1529-g7bd419a0e5 to
                  | 0.31-a0-1537-g69dc257577
  7652 | D:8      | Found Nime Iju's Antique Weapon Shop.
  7796 | D:8      | Noticed a deep elf pyromancer
  8145 | D:8      | Noticed an arcanist
  8150 | D:8      | Killed an arcanist
  8220 | D:8      | Noticed a six-headed hydra
  8593 | D:9      | Noticed Maurice
  8673 | D:8      | Killed a six-headed hydra
  8734 | D:8      | Reached skill level 1 in Spellcasting
  8876 | D:9      | Killed Maggie
  8948 | D:9      | Reached skill level 1 in Armour
  9112 | D:7      | Bought a brass wand for 124 gold pieces
  9271 | D:9      | Found a sparkling altar of Nemelex Xobeh.
  9271 | D:9      | Found a white marble altar of Elyvilon.
  9271 | D:9      | Found a stormy altar of Qazlal.
  9273 | D:9      | Found a shimmering altar of Xom.
  9273 | D:9      | Found an ornate altar of the Wu Jian Council.
  9273 | D:9      | Found a sacrificial altar of Ru.
  9275 | D:9      | Found a glowing silver altar of Zin.
  9275 | D:9      | Found a hazy altar of Hepliaklqana.
  9275 | D:9      | Found an ancient bone altar of Kikubaaqudgha.
  9311 | D:9      | Noticed a two-headed ogre
  9322 | D:10     | Entered Level 10 of the Dungeon
  9537 | D:10     | Noticed a two-headed ogre
  9651 | D:10     | Reached skill level 5 in Evocations
  9664 | D:10     | Reached XP level 11. HP: 52/67 MP: 12/12
  9778 | D:10     | Lost mutation: Your mind is acute. (Int +4, Str/Dex -1)
                  | [Jiyva's grace]
  9778 | D:10     | Lost mutation: You are highly strong-willed. (Will++)
                  | [Jiyva's grace]
  9778 | D:10     | Lost mutation: You are strong-willed. (Will+) [Jiyva's
                  | grace]
  9778 | D:10     | Lost mutation: Your spells are much harder to cast, but
                  | much more powerful. [Jiyva's grace]
  9778 | D:10     | Lost mutation: Your spells are harder to cast, but more
                  | powerful. [Jiyva's grace]
  9778 | D:10     | Lost mutation: You are covered in slimy tendrils that may
                  | disarm your opponents. [Jiyva's grace]
  9778 | D:10     | Gained mutation: You are somewhat resistant to further
                  | mutation. [Jiyva's grace]
  9778 | D:10     | Gained mutation: You are somewhat resistant to both further
                  | mutation and mutation removal. [Jiyva's grace]
  9778 | D:10     | Gained mutation: You are almost entirely resistant to
                  | further mutation and mutation removal. [Jiyva's grace]
  9778 | D:10     | Gained mutation: Your mind is acute. (Int +4, Str/Dex -1)
                  | [Jiyva's grace]
 10064 | D:10     | Killed a two-headed ogre
 10493 | D:9      | Killed a two-headed ogre
 10494 | D:9      | Reached skill level 15 in Ranged Weapons
 10848 | D:8      | Noticed a skeletal warrior
 10854 | D:8      | Killed a skeletal warrior
 10856 | D:8      | Killed a deep elf pyromancer
 10870 | D:8      | Noticed a brown ugly thing
 10887 | D:8      | Killed a brown ugly thing
 10970 | D:8      | Reached XP level 12. HP: 73/73 MP: 13/13
 11029 | D:8      | Identified the ring "Suipi" {EV+5 Str+2}
 11029 | D:8      | Noticed a centaur warrior
 11048 | D:8      | Killed a centaur warrior
 11089 | D:8      | Identified the amulet of Kuhac {Spirit Str+3}
 11089 | D:8      | Identified the ring "Enossumn" {rC+ Str+3}
 11089 | D:8      | Identified the ring of Quolo {Fly rElec rF- rN++ Str+2}
 11204 | D:11     | Found a staircase to the Lair.
 11404 | D:11     | Noticed an occultist
 11424 | D:11     | Killed an occultist
 11425 | D:11     | Reached skill level 10 in Dodging
 11456 | Lair:1   | Entered Level 1 of the Lair of Beasts
 11467 | Lair:1   | Reached skill level 10 in Fighting
 11524 | Lair:1   | Found a gate leading to a gauntlet.
 11730 | Lair:1   | Lost mutation: You are almost entirely resistant to further
                  | mutation and mutation removal. [Jiyva's grace]
 11730 | Lair:1   | Lost mutation: Your spells are a little harder to cast, but
                  | a little more powerful. [Jiyva's grace]
 11730 | Lair:1   | Gained mutation: You are almost entirely resistant to
                  | further mutation and mutation removal. [Jiyva's grace]
 11730 | Lair:1   | Gained mutation: You have a small jelly attached to you
                  | that senses nearby items. [Jiyva's grace]
 11730 | Lair:1   | Gained mutation: Your translucent skin slightly reduces
                  | your foes' accuracy. (Stealth+) [Jiyva's grace]
 11730 | Lair:1   | Gained mutation: Your translucent skin reduces your foes'
                  | accuracy. (Stealth+) [Jiyva's grace]
 11744 | Gauntlet | Entered a Gauntlet
 11744 | Gauntlet | Found a transporter.
 11761 | Gauntlet | Found a transporter.
 11761 | Gauntlet | Found a transporter.
 11775 | Gauntlet | Found a transporter.
 11775 | Gauntlet | Found a transporter.
 11789 | Gauntlet | Found a transporter.
 11805 | Gauntlet | Found a transporter.
 11823 | Gauntlet | Found a transporter.
 11839 | Gauntlet | Found a transporter.
 11839 | Gauntlet | Found a transporter.
 11840 | Gauntlet | Noticed a death scarab
 11855 | Gauntlet | Found a transporter.
 11866 | Gauntlet | Found a runed translucent door.
 11949 | Gauntlet | Found a transporter.
 12105 | Gauntlet | Identified the ring of the Green God {rPois rC+ Will+
                  | Int-2}
 12113 | Gauntlet | Identified the staff of Loturgh {+Blink rElec rCorr Air
                  | Earth}
 12138 | Gauntlet | Identified the +6 dagger "Deif" {venom, +Blink rC+ Dex-5}
 12138 | Gauntlet | Noticed a minotaur
 12140 | Gauntlet | Slimified a minotaur
 12140 | Gauntlet | a minotaur changed into an azure jelly
 12140 | Gauntlet | Noticed an azure jelly
 12310 | Lair:1   | Reached XP level 13. HP: 61/82 MP: 14/14
 13180 | Lair:2   | Reached skill level 5 in Hexes
 13181 | Lair:2   | Reached skill level 5 in Translocations
 13343 | Lair:2   | Lost mutation: Your mind is acute. (Int +4, Str/Dex -1)
                  | [Jiyva's grace]
 13343 | Lair:2   | Lost mutation: You are almost entirely resistant to further
                  | mutation and mutation removal. [Jiyva's grace]
 13343 | Lair:2   | Lost mutation: You are somewhat resistant to both further
                  | mutation and mutation removal. [Jiyva's grace]
 13343 | Lair:2   | Lost mutation: Your translucent skin reduces your foes'
                  | accuracy. (Stealth+) [Jiyva's grace]
 13343 | Lair:2   | Gained mutation: You possess an exceptional clarity of
                  | mind. [Jiyva's grace]
 13343 | Lair:2   | Gained mutation: You have a small jelly attached to you
                  | that may absorb projectiles. [Jiyva's grace]
 13343 | Lair:2   | Gained mutation: You are covered in slimy tendrils that may
                  | disarm your opponents. [Jiyva's grace]
 13343 | Lair:2   | Gained mutation: Armour fits poorly on your pseudopods.
                  | [Jiyva's grace]
 13371 | Lair:2   | Reached ***** piety under Jiyva
 13908 | Lair:3   | Noticed a seven-headed hydra
 13914 | Lair:3   | Noticed a six-headed hydra
 13917 | Lair:3   | Killed a seven-headed hydra
 13921 | Lair:3   | Killed a six-headed hydra
 13962 | Lair:3   | Noticed a catoblepas
 13976 | Lair:3   | Killed a catoblepas
 14068 | Lair:3   | Noticed Urug
 14071 | Lair:3   | Killed Urug
 14147 | Lair:3   | Reached XP level 14. HP: 66/88 MP: 18/18
 14288 | Lair:3   | Identified a scroll of acquirement
 14290 | Lair:3   | Acquired the amulet of Ykacydei {^Fragile +Blink rF+
                  | Will+++ Regen+}
 14446 | Lair:3   | Found a staircase to the Swamp.
 14600 | Lair:3   | Found a staircase to the Snake Pit.
 14751 | Lair:3   | Reached skill level 10 in Hexes
 15150 | Lair:4   | Reached skill level 5 in Armour
 16173 | Lair:5   | Entered Level 5 of the Lair of Beasts
 16223 | Lair:5   | Found a viscous altar of Jiyva.
 16266 | Lair:5   | Learned a level 3 spell: Fugue of the Fallen
 16285 | Lair:5   | Found a staircase to the Slime Pits.
 16303 | Lair:5   | Reached skill level 1 in Throwing
 16337 | Lair:5   | Lost mutation: Armour fits poorly on your pseudopods.
                  | [Jiyva's grace]
 16337 | Lair:5   | Lost mutation: You have a small jelly attached to you that
                  | senses nearby items. [Jiyva's grace]
 16337 | Lair:5   | Gained mutation: You are partially covered in large bone
                  | plates. (SH +4) [Jiyva's grace]
 16337 | Lair:5   | Gained mutation: You are mostly covered in large bone
                  | plates. (SH +6) [Jiyva's grace]
 16337 | Lair:5   | Gained mutation: You are completely covered in large bone
                  | plates. (SH +8) [Jiyva's grace]
 16337 | Lair:5   | Gained mutation: Your spells are a little harder to cast,
                  | but a little more powerful. [Jiyva's grace]
 16563 | Lair:5   | Reached XP level 15. HP: 94/94 MP: 21/21
 16579 | Lair:5   | Identified the +6 spear of Hodoogac {holy, +Blink rPois
                  | rF+}
 16715 | Lair:5   | Learned a level 4 spell: Leda's Liquefaction
 16973 | Lair:5   | Reached skill level 5 in Throwing
 17113 | Lair:5   | Reached skill level 10 in Stealth
 17237 | Lair:5   | Found a large runed translucent door.
 17237 | Lair:5   | Found a large runed translucent door.
 17959 | D:9      | Found a stormy altar of Qazlal.
 17959 | D:9      | Found a sparkling altar of Nemelex Xobeh.
 17959 | D:9      | Found a white marble altar of Elyvilon.
 18149 | D:9      | Something stole 633 gold
 18155 | D:9      | Killed Maurice
 18468 | D:11     | Found Myas Surph's Magic Scroll Shoppe.
 18473 | D:11     | Bought a scroll of enchant weapon for 90 gold pieces
 18473 | D:11     | Bought a scroll of fear for 48 gold pieces
 18473 | D:11     | Bought a scroll of teleportation for 36 gold pieces
 18757 | D:12     | Found a staircase to the Orcish Mines.
 19503 | Orc:1    | Entered Level 1 of the Orcish Mines
 19529 | Orc:1    | Lost mutation: You are completely covered in large bone
                  | plates. (SH +8) [Jiyva's grace]
 19529 | Orc:1    | Lost mutation: You have a small jelly attached to you that
                  | may absorb projectiles. [Jiyva's grace]
 19529 | Orc:1    | Gained mutation: You have a small jelly attached to you
                  | that senses nearby items. [Jiyva's grace]
 19529 | Orc:1    | Gained mutation: Your translucent skin reduces your foes'
                  | accuracy. (Stealth+) [Jiyva's grace]
 19529 | Orc:1    | Gained mutation: Your transparent skin significantly
                  | reduces your foes' accuracy. (Stealth+) [Jiyva's grace]
 19529 | Orc:1    | Gained mutation: You have an increased reservoir of magic.
                  | (+10% MP) [Jiyva's grace]
 19619 | Orc:2    | Entered Level 2 of the Orcish Mines
 19619 | Orc:2    | Found Hoziur's Antique Armour Shoppe.
 19619 | Orc:2    | Found Uhioriurgh's Antique Armour Shop.
 19623 | Orc:2    | Bought a shiny helmet for 225 gold pieces
 19623 | Orc:2    | Bought a pair of glowing gloves for 225 gold pieces
 19639 | Orc:2    | Found Afef's Alliterative Armaments.
 19850 | Orc:1    | Reached skill level 10 in Evocations
 19945 | Orc:2    | Found a staircase to the Elven Halls.
 20149 | Orc:2    | Found Korris's Assorted Antiques.
 20159 | Orc:2    | Bought a masterwork helmet for 342 gold pieces
 20159 | Orc:2    | Identified the +0 helmet of Inaction {rC++} (You bought it
                  | in a shop on level 2 of the Orcish Mines)
 20199 | Orc:2    | Found Uluedanigo's Armour Emporium.
 20288 | Orc:2    | Noticed an orc warlord
 20309 | Orc:2    | Killed an orc warlord
 20329 | Orc:2    | Found Roleurgho's Antique Armour Shoppe.
 20330 | Orc:2    | Found Oroorius's Antique Weapon Emporium.
 20404 | Orc:2    | Reached skill level 10 in Translocations
 20447 | Orc:2    | Found Ycsiw's Distillery.
 20569 | Orc:2    | Found a radiant altar of Vehumet.
 20724 | Orc:2    | Reached skill level 5 in Spellcasting
 20750 | Orc:2    | Found Negauwib's Distillery.
 20826 | Orc:2    | Noticed MatrixGlitch's ghost (journeyman DrCj)
 20885 | Orc:2    | Found a transporter.
 20890 | Orc:2    | Found a transporter.
 21010 | Orc:2    | Found Opto's General Store.
 21087 | Orc:2    | Killed MatrixGlitch's ghost
 21090 | Orc:2    | Reached XP level 16. HP: 98/100 MP: 25/25
 21143 | Orc:2    | Bought a pair of runed boots for 255 gold pieces
 21387 | D:13     | Found a gate to the Vaults.
 21614 | D:13     | Reached ****** piety under Jiyva
 21614 | D:13     | Lost mutation: You possess an exceptional clarity of mind.
                  | [Jiyva's grace]
 21614 | D:13     | Lost mutation: Your transparent skin significantly reduces
                  | your foes' accuracy. (Stealth+) [Jiyva's grace]
 21614 | D:13     | Gained mutation: You are completely covered in large bone
                  | plates. (SH +8) [Jiyva's grace]
 21614 | D:13     | Gained mutation: You passively map a small area around you.
                  | [Jiyva's grace]
 21614 | D:13     | Gained mutation: You passively map the area around you.
                  | [Jiyva's grace]
 21614 | D:13     | Gained mutation: You passively map a large area around you.
                  | [Jiyva's grace]
 22025 | D:14     | Noticed Lodul
 22036 | D:14     | Killed Lodul
 23105 | Slime:1  | Entered Level 1 of the Pits of Slime
 23186 | Slime:3  | Noticed a rockslime
 23316 | Slime:5  | Entered Level 5 of the Pits of Slime
 23338 | Slime:5  | Found a viscous altar of Jiyva.
 23346 | Slime:5  | Noticed an azure jelly
 23347 | Slime:5  | Found the amulet of the Air {Inacc Air Fly rElec RMsl}
 23347 | Slime:5  | Noticed an acid blob
 23348 | Slime:5  | Noticed an acid blob
 23349 | Slime:5  | Found the +3 hat of Pondering {ponderous, Will+ MP+10
                  | Int+5}
 23353 | Slime:5  | Got a starry gem with 355 turns to spare
 23353 | Slime:5  | Got a slimy rune of Zot
 23373 | Slime:5  | Noticed an acid blob
 23399 | Slime:5  | Identified the +6 sling "Aubergine" {heavy, rCorr}
 23443 | Slime:5  | Noticed the Royal Jelly
 23466 | Slime:5  | Got the Discourse on the Deep Freeze and Distance
 23488 | Slime:5  | Noticed an acid blob
 23491 | Slime:5  | Noticed an acid blob
 23494 | Slime:5  | Noticed an azure jelly
 23574 | Slime:5  | Noticed an acid blob
 23626 | Slime:5  | Noticed an acid blob
 23707 | Slime:5  | Lost the starry gem through the power of Zot.Gained a life
                  | (8 lives remaining)
 23758 | Slime:5  | Noticed an acid blob
 23824 | Slime:5  | Noticed an acid blob
 23887 | Slime:5  | Noticed an acid blob
 23957 | Slime:4  | Noticed an azure jelly
 24201 | Slime:2  | Noticed an azure jelly
 24465 | Slime:2  | Noticed a rockslime
 24684 | Slime:1  | Noticed an azure jelly
 24688 | Slime:1  | Noticed an acid blob
 24692 | Slime:1  | Noticed an acid blob
 24816 | Slime:1  | Noticed an acid blob
 24851 | Slime:1  | Noticed a rockslime
 24865 | Slime:1  | Noticed an acid blob
 24868 | Slime:1  | Noticed a rockslime
 24992 | Slime:1  | Noticed an acid blob
 25234 | Swamp:1  | Entered Level 1 of the Swamp
 25420 | Swamp:4  | Entered Level 4 of the Swamp
 25762 | Swamp:4  | Noticed a tentacled monstrosity
 25776 | Swamp:4  | Killed a tentacled monstrosity
 25871 | Swamp:4  | Noticed a fenstrider witch
 25875 | Swamp:4  | Killed a fenstrider witch
 26031 | Swamp:4  | Noticed the 27-headed Lernaean hydra
 26045 | Swamp:4  | Slimified the 27-headed Lernaean hydra
 26045 | Swamp:4  | the 27-headed Lernaean hydra changed into an acid blob
                  | shaped Lernaean hydra
 26045 | Swamp:4  | Noticed an acid blob shaped Lernaean hydra
 26152 | Swamp:4  | Got a mossy gem with 861 turns to spare
 26152 | Swamp:4  | Got a decaying rune of Zot
 26622 | Swamp:3  | Reached skill level 15 in Dodging
 26636 | Swamp:3  | Reached XP level 17. HP: 111/111 MP: 26/26
 26705 | Swamp:3  | Lost mutation: You are completely covered in large bone
                  | plates. (SH +8) [Jiyva's grace]
 26705 | Swamp:3  | Lost mutation: Your spells are a little harder to cast, but
                  | a little more powerful. [Jiyva's grace]
 26705 | Swamp:3  | Lost mutation: You have a small jelly attached to you that
                  | senses nearby items. [Jiyva's grace]
 26705 | Swamp:3  | Gained mutation: Your melee attacks may engulf your foes in
                  | ooze. [Jiyva's grace]
 26705 | Swamp:3  | Gained mutation: You are partially covered in iridescent
                  | scales. (AC +2) [Jiyva's grace]
 26705 | Swamp:3  | Gained mutation: You are mostly covered in iridescent
                  | scales. (AC +4) [Jiyva's grace]
 26705 | Swamp:3  | Gained mutation: You are completely covered in iridescent
                  | scales. (AC +6) [Jiyva's grace]
 26997 | Swamp:2  | Lost the mossy gem through the power of Zot.Gained a life
                  | (4 lives remaining)
 27056 | Swamp:2  | Noticed Roxanne
 27070 | Swamp:2  | Killed Roxanne
 27083 | Swamp:2  | Noticed a thorn hunter
 27086 | Swamp:2  | Killed a thorn hunter
 27087 | Swamp:2  | Reached skill level 15 in Fighting
 27129 | Swamp:2  | Reached skill level 1 in Necromancy
 27129 | Swamp:2  | Reached skill level 1 in Earth Magic
 27129 | Swamp:2  | Reached skill level 1 in Alchemy
 28301 | Orc:2    | Bought the +3 salamander hide armour {Flames, rFlCloud rF++
                  | rC--} for 552 gold pieces
 28301 | Orc:2    | Found the +3 salamander hide armour {Flames, rFlCloud rF++
                  | rC--}
 28497 | Snake:1  | Entered Level 1 of the Snake Pit
 28497 | Snake:1  | Noticed Donald
 28497 | Snake:1  | Found a snail-covered altar of Cheibriados.
 28502 | Snake:1  | Killed Donald
 28725 | Snake:4  | Entered Level 4 of the Snake Pit
 28828 | Snake:4  | Found Uduneroe's Book Emporium.
 28830 | Snake:4  | Found Boibloin's Weapon Shoppe.
 28832 | Snake:4  | Found Nidaduy's Jewellery Emporium.
 28894 | Snake:4  | Lost mutation: You are completely covered in iridescent
                  | scales. (AC +6) [Jiyva's grace]
 28894 | Snake:4  | Lost mutation: You are mostly covered in large bone plates.
                  | (SH +6) [Jiyva's grace]
 28894 | Snake:4  | Lost mutation: Your translucent skin reduces your foes'
                  | accuracy. (Stealth+) [Jiyva's grace]
 28894 | Snake:4  | Lost mutation: Your melee attacks may engulf your foes in
                  | ooze. [Jiyva's grace]
 28894 | Snake:4  | Gained mutation: Your melee attacks may engulf your foes in
                  | ooze. [Jiyva's grace]
 28894 | Snake:4  | Gained mutation: You have sharp toenails. [Jiyva's grace]
 28894 | Snake:4  | Gained mutation: You have razor-sharp toenails. [Jiyva's
                  | grace]
 28894 | Snake:4  | Gained mutation: You have claws for feet. [Jiyva's grace]
 29155 | Snake:4  | Learned a level 3 spell: Gell's Gravitas
 29234 | Snake:4  | Reached skill level 5 in Necromancy
 29367 | Snake:4  | Reached XP level 18. HP: 65/119 MP: 23/29
 29452 | Snake:4  | Got a jade gem with 1425 turns to spare
 29452 | Snake:4  | Got a serpentine rune of Zot
 30100 | Snake:3  | Noticed Asterion
 30113 | Snake:3  | Killed Asterion
 30829 | Snake:2  | Noticed Vashnia
 30838 | Snake:2  | Killed Vashnia
 30864 | Snake:2  | Lost the jade gem through the power of Zot.Gained a life (6
                  | lives remaining)
 31222 | Snake:2  | Lost mutation: You have claws for feet. [Jiyva's grace]
 31222 | Snake:2  | Gained mutation: Your flesh is heat resistant. (rF+)
                  | [Jiyva's grace]
 31222 | Snake:2  | Gained mutation: Your flesh is very heat resistant. (rF++)
                  | [Jiyva's grace]
 31222 | Snake:2  | Gained mutation: Your flesh is almost immune to the effects
                  | of heat. (rF+++) [Jiyva's grace]
 31222 | Snake:2  | Gained mutation: You have a small jelly attached to you
                  | that may absorb projectiles. [Jiyva's grace]
 31888 | Snake:1  | Identified the +0 morningstar "Kaetez" {freeze, rElec
                  | Dex+2}
 31967 | Snake:1  | Found Iroudega's Antique Weapon Boutique.
 32864 | Vaults:1 | Entered Level 1 of the Vaults
 33090 | D:15     | Entered Level 15 of the Dungeon
 33111 | D:15     | Found a portal to a secret trove of treasure.
 33117 | D:15     | Reached XP level 19. HP: 127/127 MP: 28/30
 33209 | D:15     | Found a stormy altar of Qazlal.
 33387 | D:15     | Lost mutation: Your flesh is almost immune to the effects
                  | of heat. (rF+++) [Jiyva's grace]
 33387 | D:15     | Lost mutation: You passively map a large area around you.
                  | [Jiyva's grace]
 33387 | D:15     | Gained mutation: You are completely covered in iridescent
                  | scales. (AC +6) [Jiyva's grace]
 33387 | D:15     | Gained mutation: Your muscles are strong. (Str +4, Int/Dex
                  | -1) [Jiyva's grace]
 33387 | D:15     | Gained mutation: Your muscles are very strong. (Str +8,
                  | Int/Dex -2) [Jiyva's grace]
 33387 | D:15     | Lost mutation: You have razor-sharp toenails. [Jiyva's
                  | grace]
 33387 | D:15     | Lost mutation: You have sharp toenails. [Jiyva's grace]
 33387 | D:15     | Gained mutation: You have large cloven feet. [Jiyva's
                  | grace]
 33448 | D:15     | Found Telank's Distillery.
 33609 | D:15     | Found a staircase to the Depths.
 33761 | D:15     | Identified the +10 hand axe "Beetle's Doom" {elec, Str+5}
 34296 | Orc:2    | Bought a faintly glowing orcbow for 280 gold pieces
 34296 | Orc:2    | Identified the +12 orcbow of Fosi {freeze, rF- Dex+5 SInv}
                  | (You bought it in a shop on level 2 of the Orcish Mines)
 34479 | Depths:1 | Entered Level 1 of the Depths
 34581 | Depths:1 | Noticed Mara
 34597 | Depths:1 | Noticed PlayingRandomsOnly's illusion
 34600 | Depths:1 | Killed Mara
 34664 | Depths:1 | Found a gateway to Hell.
 35059 | Depths:1 | Found a runed translucent door.
 35672 | Depths:1 | Paralysed by an air elemental for 1 turns
 35692 | Depths:1 | Paralysed by an air elemental for 1 turns
 35899 | Depths:2 | Reached skill level 5 in Alchemy
 35906 | Depths:2 | Reached skill level 5 in Earth Magic
 35992 | Depths:2 | Reached XP level 20. HP: 136/136 MP: 31/31
 36065 | Depths:2 | Lost mutation: You are completely covered in iridescent
                  | scales. (AC +6) [Jiyva's grace]
 36065 | Depths:2 | Lost mutation: You passively map the area around you.
                  | [Jiyva's grace]
 36065 | Depths:2 | Lost mutation: Your melee attacks may engulf your foes in
                  | ooze. [Jiyva's grace]
 36065 | Depths:2 | Gained mutation: A frigid envelope surrounds you and
                  | freezes all who hurt you. [Jiyva's grace]
 36065 | Depths:2 | Gained mutation: Your rubbery body absorbs attacks. (AC +1,
                  | EV +1) [Jiyva's grace]
 36065 | Depths:2 | Gained mutation: Your pliable body absorbs attacks. (AC +2,
                  | EV +2) [Jiyva's grace]
 36065 | Depths:2 | Gained mutation: Your gelatinous body deflects attacks. (AC
                  | +3, EV +3) [Jiyva's grace]
 36232 | Depths:2 | Found a one-way gate leading to the halls of Pandemonium.
 36871 | Depths:3 | Found a magical portal.
 36877 | WizLab   | Entered Lehudib's Moon Base
 36929 | WizLab   | Reached skill level 15 in Evocations
 37285 | WizLab   | Identified the amulet of Xifatyng {rElec Regen+}
 37348 | WizLab   | Lost mutation: You have large cloven feet. [Jiyva's grace]
 37348 | WizLab   | Lost mutation: Your flesh is very heat resistant. (rF++)
                  | [Jiyva's grace]
 37348 | WizLab   | Lost mutation: Your gelatinous body deflects attacks. (AC
                  | +3, EV +3) [Jiyva's grace]
 37348 | WizLab   | Lost mutation: Your translucent skin slightly reduces your
                  | foes' accuracy. (Stealth+) [Jiyva's grace]
 37348 | WizLab   | Gained mutation: You are resistant to electric shocks.
                  | (rElec) [Jiyva's grace]
 37348 | WizLab   | Gained mutation: You have a considerably increased
                  | reservoir of magic. (+20% MP) [Jiyva's grace]
 37348 | WizLab   | Gained mutation: You have a greatly increased reservoir of
                  | magic. (+30% MP) [Jiyva's grace]
 37348 | WizLab   | Gained mutation: You are somewhat resistant to both further
                  | mutation and mutation removal. [Jiyva's grace]
 37465 | WizLab   | Found a transporter.
 37622 | WizLab   | Found a transporter.
 37926 | WizLab   | Identified the +5 pair of boots "Niomoagg" {Str+3}
 38104 | Depths:3 | Found a one-way gate to the infinite horrors of the Abyss.
 38160 | Depths:3 | Learned a level 4 spell: Iskenderun's Mystic Blast
 38218 | Depths:3 | Reached XP level 21. HP: 141/141 MP: 39/39
 38295 | Depths:3 | Found a one-way gateway to a ziggurat.
 38496 | Depths:3 | Reached skill level 1 in Conjurations
 38565 | Depths:3 | Found a viscous altar of Jiyva.
 38755 | Depths:4 | Entered Level 4 of the Depths
 38799 | Depths:4 | Found a runed translucent door.
 38801 | Depths:4 | Noticed an iron giant
 38888 | Depths:4 | Noticed Macafuodgh's ghost (adept DECj)
 39011 | Depths:4 | Identified the +5 dagger of the Unliving {freeze, rF+
                  | Int+8}
 39050 | Depths:4 | Noticed a golden dragon
 39064 | Depths:4 | Killed a golden dragon
 39117 | Depths:4 | Found a gate to the Realm of Zot.
 39265 | Depths:4 | Found Tureusel's Distillery.
 39310 | Depths:4 | Noticed a bone dragon
 39334 | Depths:4 | Killed a bone dragon
 39387 | Depths:4 | Lost mutation: You are partially covered in large bone
                  | plates. (SH +4) [Jiyva's grace]
 39387 | Depths:4 | Lost mutation: You are somewhat resistant to both further
                  | mutation and mutation removal. [Jiyva's grace]
 39387 | Depths:4 | Lost mutation: Your muscles are very strong. (Str +8,
                  | Int/Dex -2) [Jiyva's grace]
 39387 | Depths:4 | Lost mutation: Your pliable body absorbs attacks. (AC +2,
                  | EV +2) [Jiyva's grace]
 39387 | Depths:4 | Gained mutation: Armour fits poorly on your pseudopods.
                  | [Jiyva's grace]
 39387 | Depths:4 | Gained mutation: Armour fits poorly on your large
                  | pseudopods. [Jiyva's grace]
 39387 | Depths:4 | Gained mutation: Armour fits poorly on your massive
                  | pseudopods. [Jiyva's grace]
 39387 | Depths:4 | Gained mutation: You have sharp fingernails. [Jiyva's
                  | grace]
 40056 | Depths:4 | Killed Macafuodgh's ghost
 40075 | Depths:4 | Killed an iron giant
 40174 | Zot:1    | Entered Level 1 of the Realm of Zot
 40176 | Zot:1    | Noticed an electric golem
 40203 | Zot:1    | Killed an electric golem
 40422 | Zot:1    | Reached XP level 22. HP: 148/148 MP: 40/40
 40443 | Zot:1    | Found a transporter.
 40537 | Zot:1    | Found a transporter.
 41142 | Zot:2    | Noticed a curse toe
 41166 | Zot:2    | Killed a curse toe
 41181 | Zot:2    | Identified the +2 quarterstaff "Toump" {flame, ^Contam
                  | rPois Int+2}
 41221 | Zot:2    | Reached skill level 5 in Conjurations
 41280 | Zot:2    | Reached skill level 10 in Armour
 41482 | Zot:2    | Lost mutation: You are resistant to electric shocks.
                  | (rElec) [Jiyva's grace]
 41482 | Zot:2    | Lost mutation: Your rubbery body absorbs attacks. (AC +1,
                  | EV +1) [Jiyva's grace]
 41482 | Zot:2    | Lost mutation: Armour fits poorly on your massive
                  | pseudopods. [Jiyva's grace]
 41482 | Zot:2    | Lost mutation: Armour fits poorly on your large pseudopods.
                  | [Jiyva's grace]
 41482 | Zot:2    | Lost mutation: You have a small jelly attached to you that
                  | may absorb projectiles. [Jiyva's grace]
 41482 | Zot:2    | Gained mutation: Your mind is acute. (Int +4, Str/Dex -1)
                  | [Jiyva's grace]
 41482 | Zot:2    | Gained mutation: Your mind is very acute. (Int +8, Str/Dex
                  | -2) [Jiyva's grace]
 41482 | Zot:2    | Gained mutation: You are completely covered in iridescent
                  | scales. (AC +6) [Jiyva's grace]
 41482 | Zot:2    | Gained mutation: Your movements are slightly less
                  | encumbered by armour. (ER -2) [Jiyva's grace]
 41517 | Zot:2    | Identified the +1 scale mail "Ushrew" {Will+ rCorr Str+3}
 41912 | Zot:3    | Found a runed translucent gate.
 41912 | Zot:3    | Found a runed translucent gate.
 41912 | Zot:3    | Found a runed translucent gate.
 42458 | Zot:3    | Noticed Calu's ghost (legendary KoHu)
 42653 | Zot:4    | Identified the +3 mace "Qimysm" {freeze, Int+2 Stlth+}
 42798 | Zot:4    | Found a transporter.
 42807 | Zot:4    | Found a transporter.
 42914 | Zot:4    | Noticed a golden dragon
 42940 | Zot:4    | Killed a golden dragon
 43145 | Zot:4    | Noticed an orb of fire
 43149 | Zot:4    | Gained mutation: Armour fits poorly on your strangely
                  | shaped body. [an orb of fire]
 43150 | Zot:4    | Gained mutation: You occasionally lose the ability to drink
                  | potions when taking damage. [an orb of fire]
 43170 | Zot:4    | Killed an orb of fire
 43242 | Zot:4    | Reached XP level 23. HP: 104/156 MP: 16/45
 43370 | Zot:4    | Noticed an orb of fire
 43654 | Zot:4    | Identified the +9 flail of the Moon {elec, Str+4 Int-3}
 43661 | Zot:4    | Noticed Uqizxu's ghost (master OnFi)
 43688 | Zot:4    | Noticed a curse toe
 43804 | Zot:4    | Killed a curse toe
 43852 | Zot:5    | Entered Level 5 of the Realm of Zot
 43887 | Zot:5    | Noticed a golden dragon
 43896 | Zot:5    | Killed a golden dragon
 44013 | Zot:5    | Lost mutation: You are completely covered in iridescent
                  | scales. (AC +6) [Jiyva's grace]
 44013 | Zot:5    | Lost mutation: Your mind is very acute. (Int +8, Str/Dex
                  | -2) [Jiyva's grace]
 44013 | Zot:5    | Lost mutation: You have a greatly increased reservoir of
                  | magic. (+30% MP) [Jiyva's grace]
 44013 | Zot:5    | Lost mutation: You passively map a small area around you.
                  | [Jiyva's grace]
 44013 | Zot:5    | Lost mutation: Armour fits poorly on your pseudopods.
                  | [Jiyva's grace]
 44013 | Zot:5    | Lost mutation: You occasionally lose the ability to drink
                  | potions when taking damage. [Jiyva's grace]
 44013 | Zot:5    | Gained mutation: You are somewhat resistant to both further
                  | mutation and mutation removal. [Jiyva's grace]
 44013 | Zot:5    | Gained mutation: You are almost entirely resistant to
                  | further mutation and mutation removal. [Jiyva's grace]
 44013 | Zot:5    | Gained mutation: Your spells are a little harder to cast,
                  | but a little more powerful. [Jiyva's grace]
 44013 | Zot:5    | Gained mutation: Your spells are harder to cast, but more
                  | powerful. [Jiyva's grace]
 44049 | Zot:5    | Noticed a golden dragon
 44064 | Zot:5    | Killed a golden dragon
 44190 | Zot:5    | Noticed an orb of fire
 44211 | Zot:5    | Noticed an orb of fire
 44216 | Zot:5    | Noticed an orb of fire
 44221 | Zot:5    | Noticed an ancient lich
 44222 | Zot:5    | Noticed a dread lich
 44226 | Zot:5    | Killed an orb of fire
 44233 | Zot:5    | Killed an orb of fire
 44238 | Zot:5    | Noticed an orb of fire
 44241 | Zot:5    | Killed an orb of fire
 44241 | Zot:5    | Noticed an orb of fire
 44327 | Zot:5    | Noticed an orb of fire
 44333 | Zot:5    | Killed a dread lich
 44334 | Zot:5    | Reached skill level 10 in Spellcasting
 44341 | Zot:5    | Killed an ancient lich
 44350 | Zot:5    | Killed an orb of fire
 44364 | Zot:5    | Killed an orb of fire
 44379 | Zot:5    | Killed an orb of fire
 44476 | Zot:5    | Noticed an orb of fire
 44496 | Zot:5    | Noticed an orb of fire
 44501 | Zot:5    | Killed an orb of fire
 44510 | Zot:5    | Killed an orb of fire
 44545 | Zot:5    | Noticed a Killer Klown
 44554 | Zot:5    | Killed a Killer Klown
 44601 | Zot:5    | Noticed a Killer Klown
 44627 | Zot:5    | Reached XP level 24. HP: 163/163 MP: 32/47
 44635 | Zot:5    | Killed a Killer Klown
 44699 | Zot:5    | Noticed a dread lich
 44713 | Zot:5    | Killed a dread lich
 44737 | Zot:5    | Noticed an orb of fire
 44770 | Zot:5    | Noticed an orb of fire
 44785 | Zot:5    | Noticed an orb of fire
 44812 | Zot:5    | Killed an orb of fire
 44887 | Zot:4    | Noticed Anuegiwi's ghost (veteran AtFi)
 45667 | Vaults:1 | Found Suid's Weapon Boutique.
 46637 | Vaults:2 | Found a flickering gateway to a bazaar.
 46645 | Bazaar   | Entered a bazaar
 46645 | Bazaar   | Found Qibeeh's Assorted Antiques.
 46645 | Bazaar   | Found Fiad's Distillery.
 46646 | Bazaar   | Found Zyutrod's Magic Scroll Boutique.
 46650 | Bazaar   | Found Dufuoch's Book Emporium.
 46650 | Bazaar   | Found Xebu's Antique Armour Emporium.
 46652 | Bazaar   | Bought a scroll of enchant weapon for 90 gold pieces
 46670 | Bazaar   | Bought a scroll of enchant weapon for 142 gold pieces
 46670 | Bazaar   | Bought a scroll of enchant armour for 142 gold pieces
 46676 | Bazaar   | Bought a potion of heal wounds for 60 gold pieces
 46676 | Bazaar   | Bought a potion of heal wounds for 60 gold pieces
 46768 | Vaults:2 | Found a staircase to the Crypt.
 46942 | Vaults:2 | Reached XP level 25. HP: 169/169 MP: 49/49
 47031 | Vaults:2 | Noticed Nikola
 47046 | Vaults:2 | Killed Nikola
 47237 | Vaults:2 | Lost mutation: You have sharp fingernails. [Jiyva's grace]
 47237 | Vaults:2 | Lost mutation: Armour fits poorly on your strangely shaped
                  | body. [Jiyva's grace]
 47237 | Vaults:2 | Lost mutation: You are almost entirely resistant to further
                  | mutation and mutation removal. [Jiyva's grace]
 47237 | Vaults:2 | Lost mutation: You are covered in slimy tendrils that may
                  | disarm your opponents. [Jiyva's grace]
 47237 | Vaults:2 | Lost mutation: Your movements are slightly less encumbered
                  | by armour. (ER -2) [Jiyva's grace]
 47237 | Vaults:2 | Gained mutation: You are partially covered in large bone
                  | plates. (SH +4) [Jiyva's grace]
 47237 | Vaults:2 | Gained mutation: You are mostly covered in large bone
                  | plates. (SH +6) [Jiyva's grace]
 47237 | Vaults:2 | Gained mutation: You are completely covered in large bone
                  | plates. (SH +8) [Jiyva's grace]
 47237 | Vaults:2 | Gained mutation: You have a small jelly attached to you
                  | that senses nearby items. [Jiyva's grace]
 47713 | Zot:4    | Killed an orb of fire
 47751 | Zot:5    | Killed an orb of fire
 47869 | Zot:5    | HP: 5/170 [black draconian knight/+2 great sword of
                  | freezing[a white draconian stormcaller] (8)]
 48577 | Zot:5    | Got the Orb of Zot
 48660 | Zot:4    | Noticed a curse toe
 48840 | D:14     | Noticed a seraph
 49097 | D:1      | Noticed Hyowoc the pandemonium lord
 49129 | D:$      | Escaped with the Orb!

Illustrated notes

Levels and vault maps discovered:
D:1:      dpeg_arrival_radiant, layout_basic
D:2:      layout_rooms, shapermc_ecumenical_altar_flowoftime,
          chequers_serial_rivers_small_a, dreamdust_mushroom_princess,
          minmay_ruptured, uniq_sigmund, uniq_natasha
D:3:      minmay_general_purpose_star, layout_rooms, interstate_on_off
D:4:      cheibrodos_helix_gallery, layout_rooms, uniq_pikel
D:5:      layout_basic, minmay_temple_entry_glass, nicolae_figureground_sparkle
D:6:      layout_rooms, corexii_corridor_pit, dk_noncrumbling_3
D:7:      minmay_cornered_nines, layout_rooms, enter_bailey_2, serial_demonic,
          serial_demonic_d, serial_demonic_b, serial_demonic_f,
          serial_demonic_f, serial_demonic_d, serial_shops,
          nicolae_stop_n_shop_1, shop, shop, shop, uniq_maggie
D:8:      layout_loops_ring, serial_shops, nicolae_shop_peninsula,
          minmay_the_grid_2x2 [minmay_the_grid_large_cup,
          minmay_the_grid_holed_spiral, minmay_the_grid_plusring,
          minmay_the_grid_prize_shrinking_boxes]
D:9:      layout_basic, nicolae_overflows_in_rows, uniq_maurice
D:10:     layout_irregular_city, palyth_stone_intersect, minmay_strange_pillars
D:11:     cheibrodos_wizards_tower, layout_rooms, lair_entry_dummy,
          serial_shops, nicolae_shop_behind_doors
D:12:     layout_roguey, orc_0_dummy, drop_trap, minmay_lindwurm_lava
D:13:     layout_loops_ring, david_vaults_2, minmay_holes
D:14:     layout_basic, minivault_11, uniq_lodul
D:15:     grunt_enter_depths_hoard, layout_grid_maze, serial_shops, shop,
          grunt_qazlal_clouds, enter_trove_1
Temple:   nicolae_temple_god_jail
Lair:1:   layout_cellular_growth, gauntlet_entry_generic,
          hangedman_lair_unloving_vines
Lair:2:   layout_roguey, beast_lair_carwin_1, grunt_megastairs_3
Lair:3:   layout_concentric_octagons, palyth_hydra_swamp_entry,
          alex1729_snake_entry_snake, kennysheep_abandoned_house,
          grunt_megastairs_1, uniq_urug
Lair:4:   layout_regular_city
Lair:5:   cheibrodos_lair_end_hotspot, layout_misc_corridors, slime_entry_1
Swamp:1:  layout_basic_swamp, evilmike_swamp_ruin_rubble_1,
          infiniplex_staircase_pool
Swamp:2:  layout_basic_swamp, evilmike_swamp_ruin_rubble_2, uniq_roxanne
Swamp:3:  layout_falls_marsh, evilmike_swamp_ruin_house_4
Swamp:4:  swamp_old_school, layout_basic_swamp, swamp_pool_5,
          infiniplex_staircase_pool_2, nicolae_swamp_decorative_isthmus
Snake:1:  kennysheep_six_static_rooms, layout_layer_cave, serial_shops, shop,
          basic_altar, uniq_donald
Snake:2:  layout_basic, uniq_vashnia
Snake:3:  layout_grid_maze, uniq_asterion
Snake:4:  snake_pit, layout_cave_town, minmay_shop_star
Slime:1:  layout_caves
Slime:2:  nicolae_slime_infinislime, layout_caves
Slime:3:  layout_caves
Slime:4:  layout_caves
Slime:5:  slime_pit_nicolae_trefoil
Orc:1:    layout_caves
Orc:2:    grunt_orc_community_town_hall, layout_caves,
          grunt_orc_community_big_house_2, grunt_orc_community_big_house_2,
          grunt_orc_community_house_2, grunt_orc_community_house_1,
          grunt_orc_community_house_1, grunt_orc_community_house_3,
          serial_shops, nicolae_shop_tiny_glass, shop, shop,
          nicolae_shop_peninsula, shop, gammafunk_ghost_arena, basic_altar,
          monkooky_shop_alliterative
Vaults:1: nicolae_vaults_apartment_1, nicolae_vaults_octothorpe,
          hangedman_vaults_stagger, nicolae_vaults_trapezoid_lopsided_1,
          nicolae_vaults_three_branches, ontoclasm_vaults_twist,
          nicolae_vaults_security_offices_2, nicolae_vaults_heart-shaped_vault,
          v_misc_27, nicolae_vaults_little_squares_4, layout_vaults_big_room,
          serial_shops, shop
Vaults:2: v_rooms_2, nicolae_vaults_shipping_containers_5,
          nicolae_vaults_steering_wheel, ontoclasm_vaults_spin,
          nicolae_vaults_border_crossing, nicolae_vaults_octothorpe, v_misc_16,
          v_misc_9, minmay_crypt_entry_simple_round, v_pattern_1,
          nicolae_vaults_tetromino_T_1, nicolae_vaults_diamond_1,
          layout_vaults_omnibox, serial_shops, bzr_entry_safe, uniq_nikola
Depths:1: layout_gridville, grunt_hell_entry_dis_mu, minmay_stone_trees_small,
          hangedman_aerie_drop, uniq_mara
Depths:2: dreamdust_experimentation, layout_basic, hellmouth_3,
          grunt_pan_entry_zigzag, nrook_mini_vaults,
          infiniplex_staircase_pillars_1
Depths:3: minmay_skeletal_surprise, layout_cave_shapes, enter_ziggurat_d,
          pf_coc_iceberg, hex_medium, special_room [special_room_jelly],
          mu_enter_wizlab_5, abyss_entry, kennysheep_just_a_vault
Depths:4: evilmike_zot_entry_argh, layout_long_grid, rand_demon_pan_entry_1,
          hell_entry, abyss_entry, serial_shops, shop, hellmonk_ghost_big_iron
Zot:1:    layout_onion_interference, regret_index_zotdec_glowing_original,
          nicolae_diode_stairs
Zot:2:    layout_misc_corridors, hangedman_zot_decor_slant
Zot:3:    layout_gridlike, gammafunk_ghost_split
Zot:4:    layout_concentric_octagons, nzn_ghost_randoct
Zot:5:    layout_misc_corridors, lemuel_baited_zot_trap, nicolae_zig_zag_zippers

Skill      XL: |  1  2  3  4  5  6  7  8  9 10 11 12 13 14 15 16 17 18 19 20 21 22 23 24 25 |
---------------+----------------------------------------------------------------------------+-----
Evocations     | 4 5 6 7 8 10 13 14 15 | 15.0
Fighting       | 2 3 5 7 10 11 14 15 16 17 18 19 20 21 | 21.2
Ranged Weapons | 2 5 8 9 12 13 16 17 19 20 21 | 21.6
Dodging        | 3 5 7 8 11 12 15 16 18 19 | 19.9
Stealth        | 5 7 10 11 | 11.0
Hexes          | 2 3 4 8 10 11 | 11.0
Translocations | 2 3 4 7 10 11 | 11.0
Spellcasting   | 1 3 4 5 6 8 12 14 | 14.3
Armour         | 1 3 4 6 7 8 9 10 11 12 | 12.0
Throwing       | 3 5 |  5.0
Necromancy     | 5 6 |  6.0
Earth Magic    | 3 5 6 8 |  8.0
Alchemy        | 3 5 6 8 |  8.0
Conjurations   | 4 5 |  5.0

Action                     |  1- 3 |  4- 6 |  7- 9 | 10-12 | 13-15 | 16-18 | 19-21 | 22-24 | 25-27 || total
---------------------------+-------+-------+-------+-------+-------+-------+-------+-------+-------++-------
  Melee: Club              |    29 |       |       |       |       |       |       |       |       ||    29
         Hand axe          |    22 |       |       |       |       |       |       |       |       ||    22
         Punch             |     1 |       |     1 |       |       |       |       |       |       ||     2
         Spear             |       |       |    44 |     1 |       |     9 |    16 |     1 |    12 ||    83
         Pseudopods        |       |       |       |       |       |       |     7 |     1 |       ||     8
   Fire: Sling             |    52 |     5 |       |       |       |       |       |       |       ||    57
         Shortbow          |       |    69 |   182 |    71 |       |       |       |       |       ||   322
         Orcbow            |       |       |     9 |   385 |  1271 |   867 |  1223 |  1333 |   263 ||  5351
         Arbalest          |       |       |       |       |       |       |       |     1 |   101 ||   102
  Throw: Dart              |       |       |     8 |       |     7 |     1 |       |     3 |     4 ||    23
         Throwing net      |       |       |       |     1 |       |       |       |       |       ||     1
   Cast: Sigil of Binding  |       |       |       |       |     9 |     6 |       |       |       ||    15
         Dimensional Bulls |       |       |       |       |     1 |    26 |    39 |    43 |     8 ||   117
         Gell's Gravitas   |       |       |       |       |       |    16 |       |     2 |       ||    18
         Fugue of the Fall |       |       |       |       |       |     4 |     1 |    20 |       ||    25
         Leda's Liquefacti |       |       |       |       |       |       |    11 |    29 |     4 ||    44
         Iskenderun's Myst |       |       |       |       |       |       |    11 |    12 |       ||    23
 Invoke: Oozemancy         |       |     1 |     5 |     8 |     4 |     7 |     6 |     7 |     1 ||    39
         Slimify           |       |       |     1 |     1 |       |     2 |     1 |     2 |     2 ||     9
Ability: Evoke Blink       |       |       |       |       |     3 |     2 |     1 |       |       ||     6
  Evoke: Wand              |     7 |     7 |     5 |    11 |     2 |     2 |     9 |     3 |     2 ||    48
         Phial of floods   |       |       |       |     2 |       |     1 |       |     2 |       ||     5
         Sack of spiders   |       |       |       |     1 |     3 |     3 |     2 |     2 |       ||    11
         Lightning rod     |       |       |       |       |     7 |    12 |       |     8 |     4 ||    31
         Condenser vane    |       |       |       |       |     1 |     2 |       |     1 |       ||     4
    Use: Scroll            |       |       |    10 |     9 |     9 |     6 |     4 |    12 |     2 ||    52
         Potion            |       |       |     3 |     3 |       |       |     3 |    13 |     3 ||    25
   Stab: Sleeping          |     2 |       |    13 |       |       |       |       |       |       ||    15
 Armour: Leather armour    |    39 |    15 |    87 |    10 |       |       |   103 |       |       ||   254
         Chain mail        |    38 |       |       |       |       |       |       |       |       ||    38
         Swamp dragon scal |       |       |       |   133 |   222 |   291 |    26 |       |       ||   672
         Troll leather arm |       |       |       |       |       |       |   261 |   482 |   160 ||   903
         Quicksilver drago |       |       |       |       |       |       |     5 |       |       ||     5
  Dodge: Dodged            |    83 |    35 |   166 |   224 |   876 |   870 |   928 |  1030 |   290 ||  4502
  Block: Other             |       |       |       |       |   108 |   141 |    61 |       |    58 ||   368

Table legend: (Time is in decaauts)
 A = Elapsed time spent in this place.
 B = Non-inter-level travel time spent in this place.
 C = Inter-level travel time spent in this place.
 D = Time resting spent in this place.
 E = Time spent auto-exploring this place.
 F = Levels seen in this place.
 G = Mean time per level.
                   A        B        C        D        E       F      G
               +--------+--------+--------+--------+--------+-----+--------+
         Total |  48379 |  44259 |   4120 |    963 |  27108 |  51 |  948.6 |
       Dungeon |  16718 |  15035 |   1683 |    317 |   9238 |  15 | 1114.5 |
        Temple |      1 |      1 |      0 |      0 |      0 |   1 |    1.0 |
          Lair |   6194 |   5544 |    650 |     57 |   3490 |   5 | 1238.8 |
         Swamp |   2933 |   2824 |    109 |     32 |   1688 |   4 |  733.2 |
     Snake Pit |   4266 |   4124 |    142 |     66 |   2690 |   4 | 1066.5 |
    Slime Pits |   1897 |   1759 |    138 |      0 |   1598 |   5 |  379.4 |
  Orcish Mines |   1969 |   1589 |    380 |      0 |    953 |   2 |  984.5 |
        Vaults |   2360 |   2165 |    195 |      0 |   1507 |   2 | 1180.0 |
        Depths |   4542 |   4167 |    375 |    148 |   2845 |   4 | 1135.5 |
           Zot |   5507 |   5063 |    444 |    342 |   2271 |   5 | 1101.4 |
        Bazaar |     39 |     39 |      0 |      0 |     10 |   1 |   39.0 |
        Bailey |    373 |    373 |      0 |      0 |     92 |   1 |  373.0 |
        Wizlab |   1121 |   1121 |      0 |      0 |    663 |   1 | 1121.0 |
      Gauntlet |    452 |    452 |      0 |      0 |     61 |   1 |  452.0 |
               +--------+--------+--------+--------+--------+-----+--------+

Top non-repeatable levels by time:
     D:5: 3061 daAuts
   Zot:5: 1635 daAuts
     D:8: 1592 daAuts
  Lair:5: 1586 daAuts
Depths:4: 1522 daAuts
     D:9: 1365 daAuts
Depths:1: 1352 daAuts
   Zot:4: 1336 daAuts
   Orc:2: 1334 daAuts
  Lair:3: 1305 daAuts
    D:14: 1284 daAuts
Vaults:2: 1281 daAuts
 Snake:4: 1243 daAuts
    D:15: 1228 daAuts
 Swamp:4: 1201 daAuts
